 Dungeon Crawl Stone Soup version 0.29-a0-830-gcb1280458a (webtiles) character file.

Game seed: 16100613132175383842

7 LynnLen the Sneak (level 1, 0/11 HPs)
             Began as a Vampire Enchanter on July 11, 2022.
             Slain by a jackal (3 damage)
             ... on level 1 of the Dungeon.
             The game lasted 00:01:22 (610 turns).

LynnLen the Sneak (Vampire Enchanter)                Turns: 610, Time: 00:01:23

Health: 0/11       AC:  2    Str:  7    XL:     1   Next: 83%
Magic:  3/3        EV: 12    Int: 17    God:
Gold:   40         SH:  0    Dex: 14    Spells: 4/4 levels left

rFire   . . .      SeeInvis +   a - +1 dagger
rCold   + + .      Faith    .   (no shield)
rNeg    + + +      Spirit   .   b - +0 robe
rPois   ∞          Reflect  .   (no helmet)
rElec   .          Harm     .   (no cloak)
rCorr   .          Rampage  .   (no gloves)
Will    .....                   (no boots)
Stlth   +++++.....              (no amulet)
HPRegen 0.00/turn               (no ring)
MPRegen 0.08/turn               (no ring)

@: bloodless, inhibited regen
A: bloodless, fangs 3, see invisible, vampiric 1
a: Revivify


You were on level 1 of the Dungeon.
You visited 1 branch of the dungeon, and saw 1 of its levels.

You collected 40 gold pieces.

Inventory:

Hand Weapons
 a - a +1 dagger (weapon)
Armour
 b - a +0 robe (worn)
Scrolls
 d - a scroll of enchant weapon {unknown}
Potions
 c - 2 potions of invisibility


   Skills:
 * Level 0.4 Fighting
 * Level 1.4 Short Blades
 + Level 2.2 Dodging
 + Level 4.7 Stealth
 - Level 2.0 Spellcasting
 - Level 4.4 Hexes


You had 4 spell levels left.
You didn't know any spells.
Your spell library contained the following spells:

 Spells                   Type           Power      Damage    Failure   Level
 Confusing Touch          Hex            16%        N/A       10%         3
 Tukima's Dance           Hex            16%        N/A       10%         3
 Ensorcelled Hibernation  Hex/Ice        18%        N/A       12%         2
 Dazzling Flash           Conj/Hex       18%        N/A       24%         3


Dungeon Overview and Level Annotations

Branches:
Dungeon (1/15)

Altars:


Innate Abilities, Weirdness & Mutations

You do not regenerate when monsters are visible.
You are frail without blood (-20% HP).
You can heal yourself when you bite living creatures.
You are immune to poison.
You have razor-sharp teeth.
You have supernaturally acute eyesight. (SInv)
You are afflicted with vampirism.


Message History

You now have 40 gold pieces (gained 14).
An endoplasm and a jackal come into view.
A jackal comes into view.
A jackal and a goblin come into view.
The goblin is wielding a +0 dagger of venom.
The endoplasm quivers.
The jackal barks! x2
The jackal closely misses you.
You closely miss the jackal. You hit the jackal.
The jackal is moderately wounded.
The jackal misses you.
You hit the jackal.
The jackal is almost dead.
The jackal bites you but does no damage.
The jackal bites you. The jackal barely misses you.
You hit the jackal.
The jackal is moderately wounded.
The jackal misses you. The jackal bites you.
You closely miss the jackal.
The jackal is almost dead.
The jackal closely misses you. The jackal barely misses you. x2
The jackal bites you.
You hit the jackal.
You kill the jackal!
The jackal barely misses you.
You hit the jackal but do no damage. Your bite misses the jackal.
The jackal is moderately wounded.
The jackal closely misses you.
You hit the jackal.
The jackal is severely wounded.
The jackal barely misses you. x2
You barely miss the jackal. Your bite misses the jackal.
The jackal is severely wounded.
The jackal bites you.
* * * LOW HITPOINT WARNING * * *
You barely miss the jackal.
The jackal is severely wounded.
The jackal bites you.
You die...

### ...# ##.# ...#
#..#####################
.>...........................##
.....†###.#....†.# #......#
....#.# #.##.###@# #J.h.g..
#...#.# #.##.# #h# #...h...
#...#.# #.##.###J# #.......
#...#.# #.......h##### #.......
......# #..#.........###.?.....
...........#.......h..J..# .#
...##.###................# .#
....... ...#.............#..#
......
..................#..###.


You could see an endoplasm and 2 jackals.

Vanquished Creatures
  A dart slug (D:1)
  A hobgoblin (D:1)
  A jackal (D:1)
  2 rats (D:1)
5 creatures vanquished.

Notes
Turn   | Place    | Note
-------+----------+-------------------------------------------
     0 | D:1      | LynnLen the Vampire Enchanter began the quest for the Orb.
     0 | D:1      | Reached XP level 1. HP: 13/13 MP: 3/3
   610 | D:1      | Slain by a jackal

Illustrated notes

Levels and vault maps discovered:
D:1:      onia_arrival_pyramid, layout_basic, chequers_ecumenical_altar_island,
          chequers_big_river

Action                   || total
-------------------------++-------
Melee: Dagger            ||    26
       Bite              ||     1
 Abil: Exsanguinate      ||     1
 Stab: Sleeping          ||     1
Armor: Robe              ||     3
Dodge: Dodged            ||    16

Table legend: (Time is in decaauts)
 A = Elapsed time spent in this place.
 B = Non-inter-level travel time spent in this place.
 C = Inter-level travel time spent in this place.
 D = Time resting spent in this place.
 E = Time spent auto-exploring this place.
 F = Levels seen in this place.
 G = Mean time per level.
                   A        B        C        D        E       F      G
               +--------+--------+--------+--------+--------+-----+--------+
         Total |    608 |    608 |      0 |    223 |    286 |   1 |  608.0 |
       Dungeon |    608 |    608 |      0 |    223 |    286 |   1 |  608.0 |
               +--------+--------+--------+--------+--------+-----+--------+

Top non-repeatable levels by time:
     D:1: 608 daAuts
